 Dungeon Crawl Stone Soup version 0.24-a0-282-g1a68c91 (webtiles) character file.

Game seed: 11617502547170021837

109 MisterFreud the Slasher (level 4, -6/31 HPs)
             Began as an Octopode Fighter on May 3, 2019.
             Mangled by Sigmund
             ... wielding a +0 scythe
              (12 damage)
             ... on level 2 of the Dungeon.
             The game lasted 00:02:25 (1375 turns).

MisterFreud the Slasher (Octopode Fighter)          Turns: 1375, Time: 00:02:26

Health: -6/31      AC:  1    Str: 15    XL:     4   Next: 90%
Magic:  4/4        EV: 11    Int: 11    God:
Gold:   47         SH:  0    Dex: 11    Spells: 3/3 levels left

rFire    + . .     SeeInvis .   a - +0 long sword
rCold    x . .     Gourm    .   b - +0 shield
rNeg     . . .     Faith    .   (helmet restricted)
rPois    .         Spirit   .   (no amulet)
rElec    .         Reflect  .   e - ring of fire
rCorr    .         Harm     .   (no ring)
MR       .....                  (no ring)
Stlth    ++........             (no ring)
HPRegen  0.10/turn              (no ring)
MPRegen  0.09/turn              (no ring)
                                (no ring)
                                (no ring)

@: confused
A: almost no armour, stealthy swim, amphibious, 8 rings, constrict 8, camouflage
1, gelatinous body 1
a: no special abilities


You were on level 2 of the Dungeon.
You were hungry.

You visited 1 branch of the dungeon, and saw 2 of its levels.

You collected 47 gold pieces.

Inventory:

Hand Weapons
 a - a +0 long sword (weapon)
Missiles
 f - 41 stones (quivered)
 i - 28 bolts
 j - 18 poisoned needles
 k - 47 arrows
Armour
 b - a +0 shield (worn)
Jewellery
 e - a ring of fire (left tentacle)
Scrolls
 h - a scroll of enchant weapon {unknown}
 l - a scroll of random uselessness {unknown}
 o - a scroll of enchant armour {unknown}
 q - 2 scrolls of identify {unknown}
Potions
 c - a potion of might
 m - a potion of berserk rage {unknown}
 n - a potion of heal wounds {unknown}
 p - a potion of ambrosia {unknown}
Comestibles
 d - 2 rations
 g - a chunk of flesh


   Skills:
 - Level 3.0 Fighting
 + Level 4.9 Long Blades
 - Level 3.0 Dodging
 - Level 3.0 Shields


You had 3 spell levels left.
You didn't know any spells.
Your spell library was empty.

Dungeon Overview and Level Annotations

Branches:
Dungeon (2/15)

Altars:

Annotations:
D:2 Sigmund


Innate Abilities, Weirdness & Mutations

You cannot wear most types of armour.
You are very stealthy in the water. (Stealth+)
You are amphibious.
You can wear up to eight rings at the same time.
You can use your tentacles to constrict eight enemies at once.
Your skin changes colour to match your surroundings (Stealth+).
Your rubbery body absorbs attacks. (AC +1, EV +1)


Message History

Deactivating autopickup; reactivate with Ctrl-A.
You block the rat's attack.
You see here a steel ring.
You hit the rat but do no damage. You grab the rat. You constrict the rat.
You kill the rat!
Something hits the bush!
No target in view!
No target in view!
Something hits you.
Found a hunting sling.
You hear some strange, mumbled words.
You are confused.
You bump into the rock wall.
You are feeling hungry.
Something hits you!
You closely miss something.
You're too confused to move!
Something hits you.
* * * LOW HITPOINT WARNING * * *
You bump into the rock wall.
Something hits you!
You die...

.#.##..#...♣.♣......#
.#)###.##....########
PP.###.#.#.♣.♣########
....##..##...........# ..
♣♣PPP......♣.♣######.###$...
.PP.##.##.#.## ####........
P........[÷.## #.†=†###....
...###.......# ##....# ..
..## #.#####.# #@PP..# #.#
#.# #.# #P.♣..# #.# #.# #.#
#.P♣..# #.# #.#####.#
#.♣♣♣P.# #.# #.##....# #.♣
♣♣..# ♣.# #P......# #P. P..P
♣.# #PP.PP♣.## #). ♣..♣
P........P♣..# #..
..#..P..).♣♣.#


There were no monsters in sight!

Vanquished Creatures
  Jessica (D:2)
  Terence (D:2)
  An adder (D:2)
  An ooze (D:2)
  A worm (D:2)
  3 dart slugs
  6 bats (D:1)
  4 giant cockroaches
  2 goblins (D:1)
  2 jackals (D:1)
  3 frilled lizards
  5 kobolds
  11 rats
41 creatures vanquished.

Notes
Turn   | Place    | Note
-------+----------+-------------------------------------------
     0 | D:1      | MisterFreud the Octopode Fighter began the quest for the
                  | Orb.
     0 | D:1      | Reached XP level 1. HP: 16/16 MP: 1/1
   182 | D:1      | Reached XP level 2. HP: 21/21 MP: 2/2
   246 | D:1      | Reached skill level 3 in Long Blades
   566 | D:1      | Reached XP level 3. HP: 26/26 MP: 3/3
   775 | D:2      | Noticed Terence
   785 | D:2      | Killed Terence
   785 | D:2      | Reached skill level 4 in Long Blades
   785 | D:2      | Reached XP level 4. HP: 15/31 MP: 4/4
   789 | D:2      | Noticed Sigmund
  1097 | D:2      | Noticed Jessica
  1107 | D:2      | Killed Jessica
  1375 | D:2      | Mangled by Sigmund

Levels and vault maps discovered:
D:1:      dpeg_arrival_snail, layout_basic, minmay_tall_x
D:2:      layout_loops_ring, lemuel_round_altar,
          chequers_ecumenical_altar_simple, serial_forest,
          infiniplex_forest_corner_1, infiniplex_forest_join,
          infiniplex_forest_clump_C, infiniplex_forest_lined_2,
          infiniplex_forest_clump_curved, infiniplex_forest_end_2,
          infiniplex_forest_corner_1, infiniplex_forest_clump_long,
          infiniplex_forest_corner_1, infiniplex_forest_lined_corner,
          uniq_terence, uniq_jessica, uniq_sigmund

Skill      XL: |  1  2  3 |
---------------+----------+-----
Long Blades    | 3 4 |  4.9
Fighting       | |  3.0
Dodging        | |  3.0
Shields        | |  3.0

Action                   |  1- 3 |  4- 6 || total
-------------------------+-------+-------++-------
Melee: Long sword        |    46 |    20 ||    66
       Constrict         |    12 |     8 ||    20
       Tentacles         |     9 |     5 ||    14
 Stab: Sleeping          |     6 |     1 ||     7
  Eat: Chunk             |       |     1 ||     1
Armor: Skin              |     2 |     1 ||     3
Dodge: Dodged            |    20 |     3 ||    23
Block: Shield            |    33 |    12 ||    45
       Rpst.: Long sword |     7 |     2 ||     9

Table legend:
 A = Non-vault XP
 B = Vault XP
 C = Vault XP percentage of total XP
 D = Non-vault monster count
 E = Vault monster count
 F = Vault count percentage of total count
                 A         B        C        D         E       F
            +---------+---------+-------+---------+---------+-------
      Total |      78 |      79 |  50.3 |      35 |       6 |  14.6
            +---------+---------+-------+---------+---------+-------
        D:1 |      36 |       6 |  14.3 |      24 |       4 |  14.3
        D:2 |      42 |      73 |  63.5 |      11 |       2 |  15.4
            +---------+---------+-------+---------+---------+-------
